 Dungeon Crawl Stone Soup version 0.23-a0-167-gf92cf62f8f (webtiles) character file.

556 Napalmbreeze the Cudgeler (level 7, -9/43 HPs)
             Began as a Gargoyle Gladiator on Sept 11, 2018.
             Was an Initiate of Makhleb.
             Killed by divine providence
             ... invoked by an orc priest
              (14 damage)
             ... on level 5 of the Dungeon.
             The game lasted 00:09:38 (3382 turns).

Napalmbreeze the Cudgeler (Gargoyle Gladiator)      Turns: 3382, Time: 00:09:38

Health: -9/43      AC: 11    Str: 18    XL:     7   Next: 30%
Magic:  8/8        EV: 12    Int:  8    God:    Makhleb [......]
Gold:   194        SH:  0    Dex: 13    Spells: 6/6 levels left

rFire    . . .     SeeInvis +   a - +0 flail
rCold    . . .     Gourm    .   (no shield)
rNeg     + . .     Faith    .   e - +0 ring mail
rPois    ∞         Spirit   .   c - +0 helmet
rElec    +         Reflect  .   (no cloak)
rCorr    .         Harm     .   (no gloves)
MR       .....                  (no boots)
Stlth    +.........             j - amulet of regeneration
HPRegen  0.54/turn              m - ring of see invisible
MPRegen  0.11/turn              p - ring of flight

@: no status effects
A: negative energy resistance 1, electricity resistance, unbreathing,
petrification resistance, rot immunity, AC +4
a: Renounce Religion, Evoke Flight


You were on level 5 of the Dungeon.
You worshipped Makhleb.
Makhleb was noncommittal.
You were not hungry.

You visited 1 branch of the dungeon, and saw 5 of its levels.

You collected 194 gold pieces.

Inventory:

Hand Weapons
 a - a +0 flail (weapon)
Missiles
 d - 3 throwing nets (quivered)
Armour
 c - a +0 helmet (worn)
 e - a +0 ring mail (worn)
Jewellery
 j - an amulet of regeneration (around neck)
 m - a ring of see invisible (left hand)
 p - a ring of flight (right hand)
 u - an uncursed amulet of rage {unknown}
Scrolls
 b - 3 scrolls of teleportation {unknown}
 g - 2 scrolls of enchant weapon {unknown}
 h - 7 scrolls of identify {unknown}
 i - 3 scrolls of amnesia {unknown}
 k - a scroll of fog {unknown}
 q - 2 scrolls of immolation
 r - 2 scrolls of enchant armour {unknown}
 s - a scroll of remove curse {unknown}
Potions
 l - 3 potions of curing {unknown}
 n - a potion of degeneration {unknown}
 o - a potion of brilliance {unknown}
 v - a potion of magic {unknown}
Comestibles
 f - 7 rations
 t - 2 chunks of flesh


   Skills:
 + Level 4.1 Fighting
 + Level 5.3 Maces & Flails
 - Level 1.7 Throwing
 + Level 3.3 Armour
 - Level 3.3 Dodging
 * Level 2.6 Invocations


You had 6 spell levels left.
You didn't know any spells.
Your spell library was empty.

Dungeon Overview and Level Annotations

Branches:
Dungeon (5/15)             Temple (0/1) D:5

Altars:
Elyvilon
Fedhas
Makhleb
Zin
The Shining One

Shops:
D:5 =

Annotations:
D:4 1 runed door, P0WERM0DE's ghost, weakling DDFi


Innate Abilities, Weirdness & Mutations

You are resistant to torment.
Your stone body is resilient. (AC +4)
You are immune to poison.
You resist negative energy. (rN+)
You are resistant to electric shocks. (rElec)
You can survive without breathing.
You are immune to petrification.
You are immune to rotting.


Message History

t - a chunk of flesh;
t - 2 chunks of flesh (gained 1)
Things that are here:
a mace; an orc skeleton You start resting.
HP restored.
An ogre comes into view. It is wielding a giant spiked club.
You barely miss the ogre.
The ogre hits you with a giant spiked club!!
Ouch! That really hurt!
You hear a shout!
You hit the ogre.
The ogre is lightly wounded.
You sock the ogre!
The ogre is moderately wounded.
The ogre hits you with a giant spiked club!
* * * LOW HITPOINT WARNING * * *
An orc priest comes into view. It is wielding a falchion.
The orc priest invokes the aid of Beogh against you.
Beogh smites you!
You die...

#.# #...#
#..∩..(# #.#
###.###.⌠.⌠#.#
#.# #.......##(#
#.# #######.##(#
#.# #.##(# #.#
#.##.#######
#.##)).....#
#####.#######.##
.....o.O@.#...#
#####.###.#.###
.... #.#.# ##
#.#.# #.#.#
#.#.# #...#
###.# #.#


You could see an ogre and an orc priest.

Vanquished Creatures
  Eustachio (D:4)
  A centaur (D:5)
  2 orc priests (D:5)
  2 hounds (D:5)
  A bullfrog skeleton (D:5)
  2 worker ants (D:4)
  A worker ant zombie (D:5)
  5 adders
  3 oozes
  An adder skeleton (D:4)
  A worm (D:2)
  A dart slug (D:1)
  A leopard gecko (D:5)
  9 orcs
  3 ball pythons
  4 giant cockroaches
  8 goblins
  5 hobgoblins
  A quokka (D:2)
  5 bats
  2 frilled lizards
  6 kobolds
  A quokka skeleton (D:5)
  11 rats
77 creatures vanquished.

Notes
Turn   | Place    | Note
-------+----------+-------------------------------------------
     0 | D:1      | Napalmbreeze the Gargoyle Gladiator began the quest for the
                  | Orb.
     0 | D:1      | Reached XP level 1. HP: 12/12 MP: 1/1
   168 | D:1      | Reached XP level 2. HP: 18/18 MP: 2/2
   354 | D:1      | Reached skill level 1 in Armour
   485 | D:1      | Reached XP level 3. HP: 22/22 MP: 3/3
   811 | D:2      | Reached XP level 4. HP: 27/27 MP: 4/4
  1281 | D:2      | Reached skill level 4 in Maces & Flails
  1955 | D:3      | Found a burning altar of Makhleb.
  1955 | D:3      | Noticed a balrug
  1959 | D:3      | Noticed a smoke demon
  1959 | D:3      | Noticed a neqoxec
  1961 | D:3      | Became a worshipper of Makhleb the Destroyer
  2007 | D:3      | Found a glowing silver altar of Zin.
  2223 | D:4      | Noticed Eustachio
  2360 | D:4      | Killed Eustachio
  2360 | D:4      | Reached XP level 5. HP: 21/32 MP: 5/5
  2360 | D:4      | Reached XP level 6. HP: 24/37 MP: 6/6
  2795 | D:4      | Found a runed door.
  2796 | D:4      | Noticed a green ugly thing
  2801 | D:4      | Noticed P0WERM0DE's ghost (weakling DDFi)
  2892 | D:5      | Entered Level 5 of the Dungeon
  2922 | D:5      | Reached skill level 5 in Maces & Flails
  2979 | D:5      | Found a blossoming altar of Fedhas.
  3034 | D:5      | Reached skill level 1 in Invocations
  3105 | D:5      | Found a staircase to the Ecumenical Temple.
  3115 | D:5      | Reached XP level 7. HP: 43/43 MP: 8/8
  3218 | D:5      | Found Eloseu's Jewellery Emporium.
  3265 | D:5      | Found a white marble altar of Elyvilon.
  3266 | D:5      | Found a glowing golden altar of the Shining One.
  3382 | D:5      | Killed from afar by an orc priest

Vault maps used:
D:1:      elethiomel_arrival_quiet, st_stairs_1
D:3:      zin_scriptorium, makhleb_altar_promises_db
D:4:      ebering_ghost_inner_flame, first_ration, uniq_eustachio
D:5:      kennysheep_little_box, minitemple, minmay_temple_entry_hall,
          serial_shops, shop_fountains, nrook_pool_corridor,
          lemuel_another_geyser

Skill      XL: |  1  2  3  4  5  6 |
---------------+-------------------+-----
Armour         | 1 2 3 |  3.3
Maces & Flails | 4 5 |  5.3
Fighting       | 3 4 |  4.1
Dodging        | 3 |  3.3
Invocations    | 2 |  2.6
Throwing       | |  1.7

Action                   |  1- 3 |  4- 6 |  7- 9 || total
-------------------------+-------+-------+-------++-------
Melee: Flail             |   108 |   231 |    34 ||   373
  Eat: Chunk             |       |     4 |     1 ||     5
       Ration            |       |     1 |       ||     1
Armor: Ring mail         |    51 |   263 |    14 ||   328
Dodge: Dodged            |    78 |   343 |    29 ||   450

Table legend:
 A = Non-vault XP
 B = Vault XP
 C = Vault XP percentage of total XP
 D = Non-vault monster count
 E = Vault monster count
 F = Vault count percentage of total count
                 A         B        C        D         E       F
            +---------+---------+-------+---------+---------+-------
      Total |     604 |     191 |  24.0 |      74 |       3 |   3.9
            +---------+---------+-------+---------+---------+-------
        D:1 |      52 |       3 |   5.5 |      25 |       2 |   7.4
        D:2 |      67 |       0 |   0.0 |      23 |       0 |   0.0
        D:3 |      19 |       0 |   0.0 |       4 |       0 |   0.0
        D:4 |     102 |     188 |  64.8 |       5 |       1 |  16.7
        D:5 |     364 |       0 |   0.0 |      17 |       0 |   0.0
            +---------+---------+-------+---------+---------+-------
